Cogmind - Beta 17.1 @@@ ROGUE MODE // 2026.09.11 @ 13:07:49 Player: daxter767676 Result: Destroyed by WT-4KM(R) with Subdweller Laser Performance ------------- Evolutions (0) 0 Regions Visited (2) 400 Robots Destroyed (20) 100 Value Destroyed (420) 420 Prototype IDs (1) 20 Alien Tech Used (0) 0 Bonus (5600) 5600 TOTAL SCORE: 6540 Bonus ------- Prayed to X0-1V1 5000 Major X0-1V1 Interference 600 Cogmind --------- Core Integrity 0/150 Matter 277/300 Energy 123/125 System Corruption 0% Temperature Cool (16) Movement Flying (37) Location -10/Subcaves Parts ------- > --- POWER (1) -------- Light Ion Engine > --- PROPULSION (2) --- Flight Unit Flight Unit > --- UTILITY (2) ------ Disposable Heat Sink X0-1V1's Piety Tracker > --- WEAPON (2) ------- Battle Cannon > --- INVENTORY (6) ---- Subdweller Power Source Wheel Disposable Heat Sink High-capacity Storage Unit Improved Terrain Scanner Grenade Launcher Peak State ------------ > --- POWER ------------ Light Ion Engine > --- PROPULSION ------- Light Treads Wheel > --- UTILITY ---------- Disposable Heat Sink X0-1V1's Piety Tracker > --- WEAPON ----------- Subdweller Machine Gun Battle Cannon > --- INVENTORY -------- Subdweller Power Source Wheel Disposable Heat Sink High-capacity Storage Unit Improved Terrain Scanner Grenade Launcher [Rating: 23] Favorites ----------- Power Light Ion Engine Engine Light Ion Engine Propulsion Wheel Treads Light Treads Leg Aluminum Leg Wheel Wheel Flight Unit Flight Unit Utility Improved Terrain Scanner Device Improved Terrain Scanner Storage High-capacity Storage Unit Weapon Assault Rifle Energy Gun Medium Laser Ballistic Gun Assault Rifle Ballistic Cannon Battle Cannon Build | -11 -10 -10 ------- Run | Yrd Mat Sub Slots Evolved . | . . . Power . | . . . Propulsion . | . . . Utility . | . . . Weapon . | . . . Parts Attached 19 | 5 6 8 Power 3 | . 1 2 Engine 3 | . 1 2 Core . | . . . Reactor . | . . . Propulsion 6 | 2 2 2 Treads 1 | 1 . . Leg . | . . . Wheel 2 | 1 1 . Hover . | . . . Flight 3 | . 1 2 Utility 7 | 3 2 2 Device 6 | 3 1 2 Storage 1 | . 1 . Processor . | . . . Hackware . | . . . Protection . | . . . Artifact . | . . . Weapon 3 | . 1 2 Energy Gun . | . . . Energy Cannon . | . . . Ballistic Gun 2 | . 1 1 Ballistic Cannon 1 | . . 1 Launcher . | . . . Special Weapon . | . . . Impact Weapon . | . . . Slashing Weapon . | . . . Piercing Weapon . | . . . Special Melee Weapon . | . . . Unidentified Prototypes 1 | . . 1 Parts Lost 3 | . 1 2 Power . | . . . Propulsion 2 | . 1 1 Utility . | . . . Weapon 1 | . . 1 Highest Loss Streak 1 | . 1 1 To Critical Strikes . | . . . Average Backups 5 | 5 5 5 Power 1 | 1 1 1 Propulsion 1 | 3 2 1 Utility 1 | . . 2 Weapon 1 | 1 1 1 Tool/Special . | . . . Unused Backups 9 | . 6 3 Power 1 | . 1 . Propulsion 3 | . 2 1 Utility 1 | . . 1 Weapon 4 | . 3 1 Tool/Special . | . . . Average Slot Usage (%) 96 | . 98 95 Engine 14 | . 14 14 Treads 11 | . 12 10 Wheel 12 | . 13 10 Flight 3 | . 1 6 Device 26 | . 25 27 Energy Gun 5 | . 10 . Ballistic Gun 15 | . 17 13 Ballistic Cannon 4 | . . 10 Peak Build Rating 23 | 11 11 23 Average Rating 14 | 8 9 21 On Entrance 9 | 6 11 10 Avg Prop Armor Cover (%) 9 | 5 10 8 Naked Turns . | . . . Heaviest Build 13 | 13 9 12 Greatest Support 20 | 20 20 20 Greatest Overweight (x) 2 | . . 2 Average Overweight (x) . | . . . Largest Inventory Capacity 20 | 8 20 6 Average Capacity 6 | 6 6 5 Most Carried 6 | 6 6 6 Average Carried 5 | 5 5 5 Final Capacity 6 | 5 5 6 Final Carried 6 | 5 5 6 Class Distribution -------------------- 60% | Mutant 39% | Scavenger-Mutant Dominant Class ---------------- Scavenger-Mutant | -10/Materials Mutant | -10/Subcaves Resources | -11 -10 -10 ----------- Run | Yrd Mat Sub Matter Collected 644 | 283 126 235 Remotely . | . . . Salvage Created 675 | 178 288 209 Parts 50 | 18 14 18 Haulers Intercepted . | . . . Recyclers Shooed 2 | 1 1 . Parts Field Recycled . | . . . Retrieved Matter . | . . . Parts Self-Destructed 8 | . . 8 Prevented . | . . . Parts Restored . | . . . Kills | -11 -10 -10 ------- Run | Yrd Mat Sub Combat Hostiles Destroyed 12 | . 4 8 Guns 10 | . 4 6 Cannons 2 | . . 2 Classes Destroyed 5 | 2 1 2 Tunneler 6 | 5 1 . Recycler 2 | 1 1 . Swarmer 3 | . . 3 Grunt 4 | . 4 . Subdweller 5 | . . 5 Best Kill Streak 4 | 4 4 3 Combat Bots Only 3 | . 3 3 Max Kills in Single Turn 1 | 1 1 1 Gunslinging . | . . . Exploded . | . . . Melee . | . . . Uniques/NPCs Destroyed . | . . . Combat | -11 -10 -10 -------- Run | Yrd Mat Sub Hostile Shots Fired 67 | . 20 47 Missed 17 | . 6 11 Hits 50 | . 14 36 Projectile 50 | . 14 36 Damage Taken 786 | . 155 631 Core 183 | . 21 162 Absorbed by Shields . | . . . Core Remaining (%) 100 | 100 . . Volleys Fired 54 | 11 19 24 Largest 2 | 2 2 2 Hottest 70 | 70 70 63 Shots Fired 102 | 22 38 42 Gun 82 | 22 38 22 Cannon 20 | . . 20 Launcher . | . . . Special . | . . . Kinetic 72 | 11 19 42 Thermal 30 | 11 19 . Explosive . | . . . Electromagnetic . | . . . Robot Hit Streak 15 | 6 8 15 Robot Miss Streak 3 | 3 3 1 Penetration Max . | . . . Secondary Targets . | . . . Shots Hit Robots 74 | 11 29 34 Core Hits 29 | 7 9 13 Critical Kills . | . . . Critical Parts Destroyed . | . . . Critical Strikes . | . . . Melee Attacks . | . . . Impact . | . . . Slashing . | . . . Piercing . | . . . Sneak Attacks . | . . . Combat Hostiles . | . . . Follow-up Attacks . | . . . Damage Inflicted 997 | 143 371 483 Guns 766 | 143 371 252 Cannons 231 | . . 231 Explosions . | . . . Melee . | . . . Ramming . | . . . Kinetic 733 | 69 181 483 Thermal 264 | 74 190 . Explosive . | . . . Electromagnetic . | . . . Impact . | . . . Slashing . | . . . Piercing . | . . . Highest Corruption . | . . . Average Corruption . | . . . Corruption Purged . | . . . Corruption Blocked . | . . . Overload Shots . | . . . Overflow Damage . | . . . Projectiles . | . . . Explosions . | . . . Melee . | . . . Knockbacks 2 | . . 2 Impact . | . . . Kinetic 2 | . . 2 Secondary . | . . . Self-Inflicted Damage . | . . . Shots . | . . . Rammed . | . . . Targets Rammed . | . . . Kicked . | . . . Crushed . | . . . Highest Temperature 189 | 54 189 . Average Temperature 58 | 23 78 . Received Heat Transfer 114 | . 84 30 Siege Activations . | . . . Martial Activations . | . . . Shielding Activations . | . . . Robots Disrupted . | . . . Combat Hostiles . | . . . Robots Corrupted . | . . . Combat Hostiles . | . . . Parts Fried . | . . . Impact Corruptions . | . . . Robots Melted . | . . . Combat Hostiles . | . . . Parts Melted 2 | 1 1 . Heat Transferred 777 | 222 555 . Parts Sabotaged . | . . . Parts Stolen . | . . . Parts Stripped . | . . . Power Chain Reactions . | . . . Alert | -11 -10 -10 ------- Run | Yrd Mat Sub Maximum Alert Level . | . . . Low Security (%) 100 | 100 100 . Level 1 . | . . . Level 2 . | . . . Level 3 . | . . . Level 4 . | . . . Level 5 . | . . . High Security . | . . . Max Security . | . . . Peak Influence 50 | 20 50 . Initial 6 | . 6 . Average 10 | 5 11 . Influence Increases 208 | 30 118 60 Destroy 0b10 Robot/C 140 | . 80 60 Destroy 0b10 Robot/NC 40 | 30 10 . Destroy Leader 20 | . 20 . Successful Hack 8 | . 8 . Influence Decreases 208 | 20 128 60 Entered New Map 4 | . 4 . Time Decay 194 | 20 114 60 Lost Part 10 | . 10 . Squads Dispatched 2 | . 2 . Investigation 2 | . 2 . Extermination . | . . . Reinforcement . | . . . Assault . | . . . Garrison . | . . . Intercept . | . . . Searches Triggered . | . . . Construction Impeded . | . . . Haulers Reinforced . | . . . Active Scanning Responses . | . . . Cargo Convoy Interrupts . | . . . Stealth | -11 -10 -10 --------- Run | Yrd Mat Sub Distress Signals 1 | . 1 . Communications Jammed . | . . . Distress Signals . | . . . Times Spotted 20 | . 10 10 Peak Tracking Total 3 | . 3 3 Tactical Retreats . | . . . Traps | -11 -10 -10 ------- Run | Yrd Mat Sub Traps Triggered 1 | . 1 . Indirectly . | . . . Trap Hack Attempts . | . . . Triggered . | . . . Disarmed . | . . . Reprogrammed . | . . . Reused . | . . . Traps Extracted . | . . . Installed . | . . . Triggered . | . . . Machines | -11 -10 -10 ---------- Run | Yrd Mat Sub Machines Disabled . | . . . Max in Single Turn . | . . . Machines Repaired . | . . . Machines Dismantled . | . . . Machines Sabotaged . | . . . Overloaded Fab Kills . | . . . Hacking | -11 -10 -10 --------- Run | Yrd Mat Sub Machines Accessed 4 | . 4 . Terminals 3 | . 3 . Fabricators . | . . . Repair Stations . | . . . Recycling Units 1 | . 1 . Scanalyzers . | . . . Garrison Access . | . . . Total Hacks 14 | . 14 . Successful 7 | . 7 . Failed 7 | . 7 . Catastrophic 2 | . 2 . Database Lockouts . | . . . Manual 15 | . 15 . Terminals 9 | . 9 . Fabricators . | . . . Repair Stations . | . . . Recycling Units 5 | . 5 . Scanalyzers . | . . . Garrison Access . | . . . Terminal Hacks . | . . . Fabricator Hacks . | . . . Repair Station Hacks . | . . . Recycling Unit Hacks . | . . . Scanalyzer . | . . . Garrison Access Hacks . | . . . Unauthorized Hacks 7 | . 7 . Terminals 3 | . 3 . Skim 3 | . 3 . Fabricators . | . . . Repair Stations . | . . . Recycling Units 4 | . 4 . Monitor 1 | . 1 . Reject 1 | . 1 . Recyclers 1 | . 1 . Mask 1 | . 1 . Scanalyzers . | . . . Garrison Access . | . . . Data Cores Recovered . | . . . Used . | . . . Hacking Detections 3 | . 3 . Full Trace Events 1 | . 1 . Feedback Events . | . . . Feedback Blocked . | . . . Robot Schematics Acquired . | . . . Robots Built . | . . . Authchips . | . . . Time . | . . . Total Robot Build Rating . | . . . Part Schematics Acquired . | . . . Parts Built . | . . . Authchips . | . . . Time . | . . . Total Part Build Rating . | . . . Part Studies Acquired . | . . . Parts Repaired . | . . . Time . | . . . Parts Recycled . | . . . Recycled Matter . | . . . Retrieved Matter . | . . . Retrieved Components . | . . . Parts Scanalyzed . | . . . Part Schematics Acquired . | . . . Parts Damaged . | . . . Bothacking | -11 -10 -10 ------------ Run | Yrd Mat Sub Used RIF Installer . | . . . Robots Hacked . | . . . Non-combat . | . . . Combat . | . . . Robot Hacks Applied . | . . . Relay Couplers Released . | . . . Fabnet Peak Effective % . | . . . Robots Rewired . | . . . Allies Hacked . | . . . Hacks Repelled . | . . . Allies | -11 -10 -10 -------- Run | Yrd Mat Sub Total Allies . | . . . Largest Group . | . . . Highest-Rated Group . | . . . Highest-Rated Ally . | . . . Total Orders . | . . . Ally Attacks . | . . . Total Damage . | . . . Kills . | . . . Allies Corrupted . | . . . Allies Melted . | . . . X0-1V1 Amusement Gains 6 | . 6 . Average Entertainment 3 | . 6 3 Good Acts 1 | . . 1 Bad Acts 5 | . . 5 Intel | -11 -10 -10 ------- Run | Yrd Mat Sub Active Infowar (turns) 586 | 69 445 72 Terrain 586 | 69 445 72 Seismic 48 | 48 . . Robot Analysis Total . | . . . Derelict Logs Recovered . | . . . Drone Launches . | . . . Drone Recoveries . | . . . Exploration | -11 -10 -10 ------------- Run | Yrd Mat Sub Turns Passed 978 | 98 488 392 Spaces Moved 508 | 39 284 185 Core . | . . . Treads 116 | 13 35 68 Legs 22 | 22 . . Wheels 338 | 4 249 85 Hover . | . . . Flight 32 | . . 32 Fastest Speed 37 | 80 80 37 Average Speed 97 | 129 89 102 Slowest Speed 200 | 160 160 200 Overloaded Moves . | . . . Propulsion Burnouts . | . . . Robots Hopped . | . . . Potential Cave-ins . | . . . Cave-ins Triggered . | . . . Exploration Rate (%) 21 | 3 49 13 Regions Visited 2 Branch Regions 1 Pre-discovered Areas . | . . . Known Exits Taken . | . . . Unknown Exits Taken 2 | 1 1 . Scrap Searched . | . . . Spaces Dug . | . . . Terrain Destroyed 1 | . . 1 Melee . | . . . Projectile 1 | . . 1 AOE . | . . . Terrain Rammed . | . . . Walls Destroyed . | . . . Machines Disabled . | . . . Actions | -11 -10 -10 --------- Run | Yrd Mat Sub Total 889 | 66 479 344 Wait 273 | . 155 118 Move 506 | 38 283 185 Hop . | . . . Pick Up 9 | 4 4 1 Fast Attach 15 | 5 4 6 Attach 2 | . 1 1 Detach 3 | . 1 2 Swap 6 | . 4 2 Drop 21 | 8 8 5 Fire 54 | 11 19 24 Melee . | . . . Ram . | . . . Kick . | . . . Crush . | . . . Escape Stasis . | . . . Rewire . | . . . Trap . | . . . Miscellaneous . | . . . Route ------- -11/Scrapyard -10/Materials (discovered 3 exits: [*Mat] / [*Min] / [*Sub]) -10/Subcaves (discovered 1 exit: [*Mat]) History --------- Turn | Location | Event 20 | -11/Scrapyard | Discovered new exit (range 3) 99 | -11/Scrapyard | Entered Materials 313 | -10/Materials | Build established: Mutant 400 | -10/Materials | Discovered new exit (range 15) 435 | -10/Materials | Discovered new exit (range 15) 557 | -10/Materials | Discovered new exit (range 4) 585 | -10/Materials | Prayed at D.C.S.S. Altar Unit 587 | -10/Materials | Entered Subcaves 593 | -10/Subcaves | Inventory capacity permanently improved by X0-1V1 (+1; -100 max core) 789 | -10/Subcaves | Discovered new exit (range 9) 795 | -10/Subcaves | Ambushed by Subdwellers from Twisted Machinery 797 | -10/Subcaves | Core integrity fell below 50% 827 | -10/Subcaves | Core integrity fell below 20% 861 | -10/Subcaves | X0-1V1 sent hostile S-10 Pest (x3) 977 | -10/Subcaves | X0-1V1 sent you into danger 979 | -10/Subcaves | Destroyed by WT-4KM(R) with Subdweller Laser Last Messages --------------- 00863_ S-10 Pest destroyed. 00866_ Destroyed Flight Unit. 00867_ Lgt. Assault Rifle fries itself beyond repair. 00869_ S-10 Pest destroyed. 00871_ Flight Unit fries itself beyond repair. 00872_ S-10 Pest destroyed. 00875_ Flight Unit fries itself beyond repair. 00878_ Lgt. Assault Rifle fries itself beyond repair. 00878_ Acquired Flight Unit. 00879_ Dropped Lgt. Treads. 00882_ Acquired Flight Unit. 00883_ Dropped Sub. Machine Gun. 00884_ Acquired 10 matter. 00884_ Acquired 9 matter. 00885_ Acquired 6 matter. IFF burst signal emitted. 00886_ X0-1V1: "Don't be shy now." 00958_ X0-1V1 curses 1 of your inventory parts (corrupted). 00977_ X0-1V1: "Enjoy the ride!" 00979_ X0-1V1 chuckles heartily! Map ----- +----------------------------------------------------+ | ?????????????????????????????????????????????????? | | ?????????????????????????????????????????????????? | | ?????????????????????????????????????????????????? | | ?????????????????????????????????????????????????? | | ?????????????????????????????????????????????????? | | ?????????????????????????????????????????????????? | | ?????????????????????????????????????????????????? | | ?????????????????????????????????????????????????? | | ?????????????????????????????????????????????????? | | ?????????????????????????????????????????????????? | | ?????????????????????????????????????????????????? | | ?????????????????????????????????????????????????? | | ?????????????????????????????????????????????????? | | ?????????????????????????????????????????????????? | | ?????????????????????????????????????????????????? | | ?????????????????????????????????????????????????? | | ?????????????????????????????????????????????????? | | ?????????????????????????????????????????????????? | | ?????????????????????????????????????????????????? | | ??????????????????????????????????##?????????????? | | ???????????????????????##???????? #?????????????? | | ??????????????????????? ####??? #?????????????? | | ???????????????????????? ##?# ### #?????????? | | ???????????????????????? ## #?????????? | | ????????????????????????# #?????????? | | ??????????????????????###@ #?????????? | | ??????????????????????# #??????????? | | ?????????????????????## ### #??????????? | | ?????????????????????# ##????????????????? | | ?????????????????????## ##????????????????? | | ??????????????????????# #????????????????? | | ??????????????? #???????????????? | | ??????????? R #??????????????? | | ???????????? ### #??????????????? | | ?????? ???? ??## #?????????????? | | ????? ????? ????## #????????????? | | ????? ????? ??????#R ##????????????? | | ????? ?????? ?????? #?????????????? | | ????? ?????? ? ??????? ##### ##?????????????? | | ????? ??????? ? ???????? #????##??????????????? | | ????? #???????? ????????? #????????????????????? | | ?#### ##????????????????? ????????????????????? | | ?#""# ?????????????????? ###????????????????????? | | ##""" ???????????????????#???????????????????????? | | #""" #?????#?????????????????????????????????????? | | ##"""### ##????????????????????????????????????? | | # " #????????????????????????????????????? | | # # #????????????????????????????????????? | | # ##" ""?????????????????????????????????? | | #?? ""????????????????????????????????? | +----------------------------------------------------+ Best States ------------- Heat Dissipation 35 Coolant Potential 50 Energy Generation 10 Energy Capacity 125 Matter Stores 300 Matter Capacity 300 Sight Range 16 Terrain Scan Range 16 Terrain Scan Density 10 Evasion (%) 62 Recoil Reduction 1 Item Schematics ----------------- None Robot Schematics ------------------ None Fabricated ------------ Nothing Repaired ---------- Nothing Studied --------- None Alien Tech Used ----------------- None Achievements -------------- None Challenges ------------ None Game ------ Seed RecoilSixBlade Manual? 0 Play Time 00:14:34 Cumulative 172.8 hours Start 2026.09.11 @ 12:54:42 End 2026.09.11 @ 13:07:49 Sessions 1 Manual Loads 0 Difficulty Rogue Special Mode None Game No. 189 Rogue 187 Adventurer 2 Explorer 0 Win Type - Total 0 Types 0/0/0/0/0/0/0/0/0/0 Lore% 67 Gallery% 55 Achievement% 35 Wizard Run 0 Options --------- Layout 2 ASCII 0 Keyboard 1 Movement Vi Keybinds 0 Fullscreen 2 Font 32/SmallcapsGlow Map View 38x22 Zoom Use 100% Tactical HUD 1 Map Filters NONE Filters NONE Steam 1 RUN: 206d74cd-ca02-4071-8a59-c066de5884a6